Cogmind - Beta 14 @@@ ROGUE MODE // 2024.11.09 @ 19:37:24 Player: Shimmyarah Result: Core destroyed Performance ------------- Evolutions (2) 1000 Regions Visited (3) 600 Robots Destroyed (21) 105 Value Destroyed (593) 593 Prototype IDs (0) 0 Alien Tech Used (0) 0 Bonus (0) 0 TOTAL SCORE: 2298 Bonus ------- None Cogmind --------- Core Integrity 0/550 Matter 300/300 Energy 100/100 System Corruption 0% Temperature Critical (601) Movement Core (50) Location -8/Materials Parts ------- > --- POWER (2) -------- (None) > --- PROPULSION (2) --- (None) > --- UTILITY (3) ------ Signal Interpreter > --- WEAPON (4) ------- (None) > --- INVENTORY (5) ---- Light Treads Light Treads Improved Heat Sink Peak State ------------ > --- POWER ------------ Ion Engine Light Ion Engine > --- PROPULSION ------- Light Treads Light Treads > --- UTILITY ---------- Small Storage Unit Signal Interpreter Seismic Detector > --- WEAPON ----------- Heavy EM Pulse Gun Particle Gun Light EM Pulse Cannon Assault Rifle > --- INVENTORY -------- Light Treads Light Treads Improved Heat Sink Assault Rifle Mining Laser [Rating: 14] Favorites ----------- Power Ion Engine Engine Ion Engine Propulsion Light Treads Treads Light Treads Utility Small Storage Unit Device Improved Terrain Scanner Storage Small Storage Unit Processor Signal Interpreter Weapon Assault Rifle Energy Gun Particle Gun Energy Cannon Light EM Pulse Cannon Ballistic Gun Assault Rifle Special Weapon Mining Laser Build | -11 -10 -9 -8 ------- Run | Yrd Mat Mat Mat Slots Evolved 4 | . . 2 2 Power 1 | . . 1 . Propulsion . | . . . . Utility 1 | . . 1 . Weapon 2 | . . . 2 Parts Attached 22 | 5 3 9 5 Power 3 | 1 . 2 . Engine 3 | 1 . 2 . Core . | . . . . Reactor . | . . . . Propulsion 4 | 2 . 2 . Treads 4 | 2 . 2 . Leg . | . . . . Wheel . | . . . . Hover . | . . . . Flight . | . . . . Utility 5 | . 3 1 1 Device 3 | . 1 1 1 Storage 1 | . 1 . . Processor 1 | . 1 . . Hackware . | . . . . Protection . | . . . . Artifact . | . . . . Weapon 10 | 2 . 4 4 Energy Gun 3 | . . 1 2 Energy Cannon 1 | . . 1 . Ballistic Gun 4 | 2 . 1 1 Ballistic Cannon . | . . . . Launcher . | . . . . Special Weapon 2 | . . 1 1 Impact Weapon . | . . . . Slashing Weapon . | . . . . Piercing Weapon . | . . . . Special Melee Weapon . | . . . . Unidentified Prototypes . | . . . . Parts Lost 15 | . . 3 12 Power 3 | . . 1 2 Propulsion 2 | . . . 2 Utility 3 | . . 1 2 Weapon 7 | . . 1 6 Highest Loss Streak 12 | . . 2 12 To Critical Strikes . | . . . . Average Slot Usage (%) 91 | . 94 89 89 Engine 15 | . 14 16 15 Treads 22 | . 28 22 15 Device 9 | . 11 8 7 Storage 10 | . 11 11 9 Processor 7 | . . 11 9 Energy Gun 3 | . . 2 16 Energy Cannon 2 | . . 2 6 Ballistic Gun 18 | . 28 15 8 Peak Build Rating 14 | 5 7 13 14 Average Rating 8 | 4 6 10 11 On Entrance 5 | . 5 7 10 Naked Turns . | . . . . Heaviest Build 26 | 9 15 19 26 Greatest Support 40 | 40 40 40 40 Greatest Overweight (x) 3 | . . . 3 Average Overweight (x) . | . . . . Largest Inventory Capacity 8 | 5 8 8 8 Average Capacity 7 | 5 7 8 7 Most Carried 8 | 5 5 8 7 Average Carried 5 | 2 3 6 4 Final Capacity 8 | 5 8 8 5 Final Carried 8 | 5 4 8 3 Class Distribution -------------------- 67% | Mutant 22% | Scavenger-Mutant 9% | Scavenger-Gunner Dominant Class ---------------- Mutant | -10/Materials Mutant | -9/Materials Scavenger-Gunner | -8/Materials Resources | -11 -10 -9 -8 ----------- Run | Yrd Mat Mat Mat Matter Collected 716 | 274 98 292 52 Remotely . | . . . . Salvage Created 879 | 171 123 324 261 Parts 56 | 13 9 21 13 Haulers Intercepted . | . . . . Recyclers Shooed . | . . . . Parts Field Recycled . | . . . . Retrieved Matter . | . . . . Parts Self-Destructed . | . . . . Prevented . | . . . . Kills | -11 -10 -9 -8 ------- Run | Yrd Mat Mat Mat Combat Hostiles Destroyed 15 | . 5 6 4 Guns 12 | . 5 5 2 Cannons 3 | . . 1 2 Classes Destroyed 6 | 2 2 2 . Worker 1 | . . 1 . Tunneler 3 | 3 . . . Recycler 2 | 1 . . 1 Swarmer 3 | . 3 . . Grunt 9 | . 2 3 4 Sentry 3 | . . 3 . Best Kill Streak 4 | 4 3 2 3 Combat Bots Only 3 | . 3 2 2 Max Kills in Single Turn 1 | 1 1 1 1 Gunslinging . | . . . . Exploded . | . . . . Melee . | . . . . Uniques/NPCs Destroyed . | . . . . Combat | -11 -10 -9 -8 -------- Run | Yrd Mat Mat Mat Hostile Shots Fired 156 | . 37 38 81 Missed 36 | . 11 13 12 Damage Taken 1939 | . 292 331 1316 Core 721 | . 63 74 584 Absorbed by Shields . | . . . . Core Remaining (%) 85 | 100 74 81 . Volleys Fired 84 | 4 26 36 18 Largest 4 | 2 2 2 4 Hottest 186 | 40 40 100 186 Shots Fired 178 | 8 52 62 56 Gun 159 | 8 52 55 44 Cannon 18 | . . 6 12 Launcher . | . . . . Special 1 | . . 1 . Kinetic 119 | 8 52 43 16 Thermal 24 | . . 13 11 Explosive . | . . . . Electromagnetic 35 | . . 6 29 Robot Hit Streak 20 | 4 7 18 20 Robot Miss Streak 8 | 1 8 3 5 Penetration Max . | . . . . Secondary Targets 4 | . 2 1 1 Max Gunslinging Chain 1 | . 1 1 1 Shots Hit Robots 113 | 6 28 50 29 Core Hits 39 | 5 8 16 10 Critical Kills 1 | 1 . . . Critical Parts Destroyed . | . . . . Critical Strikes 1 | 1 . . . Destroy 1 | 1 . . . Melee Attacks . | . . . . Impact . | . . . . Slashing . | . . . . Piercing . | . . . . Sneak Attacks . | . . . . Combat Hostiles . | . . . . Follow-up Attacks . | . . . . Damage Inflicted 1569 | 91 362 627 489 Guns 1318 | 91 362 511 354 Cannons 251 | . . 116 135 Explosions . | . . . . Melee . | . . . . Ramming . | . . . . Kinetic 950 | 91 362 399 98 Thermal 238 | . . 112 126 Explosive . | . . . . Electromagnetic 381 | . . 116 265 Impact . | . . . . Slashing . | . . . . Piercing . | . . . . Highest Corruption . | . . . . Average Corruption . | . . . . Corruption Purged . | . . . . Corruption Blocked . | . . . . Overload Shots . | . . . . Overflow Damage . | . . . . Projectiles . | . . . . Explosions . | . . . . Melee . | . . . . Knockbacks . | . . . . Impact . | . . . . Kinetic . | . . . . Secondary . | . . . . Self-Inflicted Damage . | . . . . Shots . | . . . . Rammed . | . . . . Targets Rammed . | . . . . Kicked . | . . . . Crushed . | . . . . Highest Temperature 801 | . 8 135 801 Average Temperature 233 | . 2 44 388 Received Heat Transfer 723 | . 102 144 477 Effects 22 | . . . 22 Shutdowns 6 | . . . 6 Energy Bleed 1 | . . . 1 Interference 2 | . . . 2 Damage (minor) 4 | . . . 4 Damage (major) 7 | . . . 7 Damage (core) 2 | . . . 2 Siege Activations . | . . . . Robots Corrupted . | . . . . Combat Hostiles . | . . . . Parts Fried 1 | . . 1 . Impact Corruptions . | . . . . Robots Melted . | . . . . Combat Hostiles . | . . . . Parts Melted 1 | . . 1 . Heat Transferred 629 | . . 333 296 Parts Sabotaged . | . . . . Parts Stolen . | . . . . Parts Stripped . | . . . . Power Chain Reactions . | . . . . Alert | -11 -10 -9 -8 ------- Run | Yrd Mat Mat Mat Peak Influence 189 | 20 189 135 85 Initial 79 | . 13 79 . Average 62 | 10 78 74 32 Maximum Alert Level . | . . . . Low Security (%) 100 | 100 100 100 100 Level 1 . | . . . . Level 2 . | . . . . Level 3 . | . . . . Level 4 . | . . . . Level 5 . | . . . . High Security . | . . . . Max Security . | . . . . Squads Dispatched 4 | . 1 1 2 Investigation . | . . . . Extermination . | . . . . Reinforcement 3 | . 1 1 1 Assault . | . . . . Garrison 1 | . . . 1 Intercept . | . . . . Searches Triggered . | . . . . Construction Impeded . | . . . . Haulers Reinforced . | . . . . Active Scanning Responses . | . . . . Cargo Convoy Interrupts . | . . . . Stealth | -11 -10 -9 -8 --------- Run | Yrd Mat Mat Mat Distress Signals 6 | . 2 2 2 Communications Jammed . | . . . . Distress Signals . | . . . . Times Spotted 29 | . 9 10 10 Peak Tracking Total 7 | . 4 3 7 Tactical Retreats 1 | . 1 . . Traps | -11 -10 -9 -8 ------- Run | Yrd Mat Mat Mat Traps Triggered . | . . . . Indirectly . | . . . . Trap Hack Attempts . | . . . . Triggered . | . . . . Disarmed . | . . . . Reprogrammed . | . . . . Reused . | . . . . Traps Extracted . | . . . . Installed . | . . . . Triggered . | . . . . Machines | -11 -10 -9 -8 ---------- Run | Yrd Mat Mat Mat Machines Disabled 1 | . . . 1 Max in Single Turn 1 | . . . 1 Machines Repaired . | . . . . Machines Dismantled . | . . . . Machines Sabotaged . | . . . . Overloaded Fab Kills . | . . . . Hacking | -11 -10 -9 -8 --------- Run | Yrd Mat Mat Mat Machines Accessed 5 | . 2 3 . Terminals 5 | . 2 3 . Fabricators . | . . . . Repair Stations . | . . . . Recycling Units . | . . . . Scanalyzers . | . . . . Garrison Access . | . . . . Total Hacks 15 | . 7 8 . Successful 8 | . 5 3 . Failed 7 | . 2 5 . Catastrophic 2 | . . 2 . Database Lockouts . | . . . . Manual 9 | . 3 6 . Terminals 15 | . 7 8 . Fabricators . | . . . . Repair Stations . | . . . . Recycling Units . | . . . . Scanalyzers . | . . . . Garrison Access . | . . . . Terminal Hacks 6 | . 4 2 . Alert Level 1 | . 1 . . Unreport Threat 1 | . . 1 . Security Status 1 | . 1 . . Transport Status 1 | . 1 . . Zone Layout 2 | . 1 1 . Fabricator Hacks . | . . . . Repair Station Hacks . | . . . . Recycling Unit Hacks . | . . . . Scanalyzer . | . . . . Garrison Access Hacks . | . . . . Unauthorized Hacks 2 | . 1 1 . Terminals 2 | . 1 1 . Operators 2 | . 1 1 . Fabricators . | . . . . Repair Stations . | . . . . Recycling Units . | . . . . Scanalyzers . | . . . . Garrison Access . | . . . . Data Cores Recovered . | . . . . Used . | . . . . Hacking Detections 5 | . 2 3 . Full Trace Events . | . . . . Feedback Events . | . . . . Feedback Blocked . | . . . . Robot Schematics Acquired . | . . . . Robots Built . | . . . . Authchips . | . . . . Time . | . . . . Total Robot Build Rating . | . . . . Part Schematics Acquired . | . . . . Parts Built . | . . . . Authchips . | . . . . Time . | . . . . Total Part Build Rating . | . . . . Parts Repaired . | . . . . Time . | . . . . Parts Recycled . | . . . . Recycled Matter . | . . . . Retrieved Matter . | . . . . Retrieved Components . | . . . . Parts Scanalyzed . | . . . . Part Schematics Acquired . | . . . . Parts Damaged . | . . . . Bothacking | -11 -10 -9 -8 ------------ Run | Yrd Mat Mat Mat Used RIF Installer . | . . . . Robots Hacked . | . . . . Non-combat . | . . . . Combat . | . . . . Robot Hacks Applied . | . . . . Relay Couplers Released . | . . . . Fabnet Peak Effective % . | . . . . Robots Rewired . | . . . . Allies Hacked . | . . . . Hacks Repelled . | . . . . Allies | -11 -10 -9 -8 -------- Run | Yrd Mat Mat Mat Total Allies . | . . . . Largest Group . | . . . . Highest-Rated Group . | . . . . Highest-Rated Ally . | . . . . Total Orders . | . . . . Ally Attacks . | . . . . Total Damage . | . . . . Kills . | . . . . Allies Corrupted . | . . . . Allies Melted . | . . . . Intel | -11 -10 -9 -8 ------- Run | Yrd Mat Mat Mat Robot Analysis Total . | . . . . Derelict Logs Recovered . | . . . . Drone Launches . | . . . . Drone Recoveries . | . . . . Exploration | -11 -10 -9 -8 ------------- Run | Yrd Mat Mat Mat Turns Passed 877 | 110 248 406 113 Spaces Moved 383 | 65 104 177 37 Core 30 | 18 . . 12 Treads 353 | 47 104 177 25 Legs . | . . . . Wheels . | . . . . Hover . | . . . . Flight . | . . . . Fastest Speed 50 | 50 160 160 50 Average Speed 152 | 129 160 160 135 Slowest Speed 200 | 160 160 160 200 Overloaded Moves . | . . . . Propulsion Burnouts . | . . . . Robots Hopped . | . . . . Cave-ins Triggered . | . . . . Exploration Rate (%) 12 | 4 24 16 7 Regions Visited 3 Branch Regions . Pre-discovered Areas . | . . . . Known Exits Taken 2 | . 1 1 . Unknown Exits Taken 1 | 1 . . . Scrap Searched . | . . . . Spaces Dug 1 | . . 1 . Terrain Destroyed 1 | . . 1 . Melee . | . . . . Projectile 1 | . . 1 . AOE . | . . . . Terrain Rammed . | . . . . Walls Destroyed . | . . . . Machines Disabled . | . . . . Actions | -11 -10 -9 -8 --------- Run | Yrd Mat Mat Mat Total 511 | 83 133 235 60 Wait . | . . . . Move 380 | 64 103 176 37 Hop . | . . . . Pick Up 21 | 10 1 10 . Fast Attach 1 | . . 1 . Attach 15 | 5 2 3 5 Detach . | . . . . Swap 6 | . 1 5 . Drop 4 | . . 4 . Fire 84 | 4 26 36 18 Melee . | . . . . Ram . | . . . . Kick . | . . . . Crush . | . . . . Escape Stasis . | . . . . Rewire . | . . . . Trap . | . . . . Miscellaneous . | . . . . Route ------- -11/Scrapyard -10/Materials -9/Materials -8/Materials History --------- Turn | Location | Event 7 | -11/Scrapyard | Discovered new exit (range 16) 111 | -11/Scrapyard | Entered Materials 314 | -10/Materials | Build established: Mutant 343 | -10/Materials | Discovered new exit (range 8) 358 | -10/Materials | Identified exit to Materials 359 | -10/Materials | Entered another Materials area 359 | -9/Materials | Evolved 2 slots: Power x1, Utility x1 757 | -9/Materials | Discovered new exit (range 3) 761 | -9/Materials | Identified exit to Materials 765 | -9/Materials | Entered another Materials area 765 | -8/Materials | Evolved 2 slots: Weapon x2 814 | -8/Materials | Garrison activated, responded to threat 875 | -8/Materials | Core integrity fell below 50% 878 | -8/Materials | Core integrity fell below 20% 879 | -8/Materials | Core destroyed Last Messages --------------- 00867_ Acquired 52 matter. 00867_ Particle Gun destroyed. 00867_ Lgt. Treads destroyed. 00868_ Critical hit (Burn: +37). 00871_ Ion Engine destroyed. 00871_ K-01 Serf collects debris. 00872_ Overheating: Sml. Storage Unit damaged (-9). 00873_ Critical hit (Burn: +37). 00874_ Overheating: Sml. Storage Unit damaged (-7). 00874_ Overheating: Signal Interpreter damaged (-4). 00874_ Sml. Storage Unit destroyed. 00874_ K-01 Serf collects debris. 00877_ Overheating: Core damaged (-88). 00878_ Overheating: Signal Interpreter damaged (-3). 00878_ K-01 Serf collects debris. 00879_ Overheating: Core damaged (-104). Map ----- +----------------------------------------------------+ | ?????????????????????????# #????????????????? | | ???????????############### ############?????? | | ?????????? % #?????? | | ?????????? % #?????? | | ?????????? # | | ????????????????##/##### #####+############### # | | ???????????????????????# #??= ??????????????? | | ???????????????????????# !#?# = #????????????? | | ???????????????????????# [%#?#""" #????????????? | | ???????????????????????# !*#?#""" #????????????? | | ???????????????????????# #?#""" #????????????? | | ???????????????????????# #?# #????????????? | | ???????????????????????# ! #?########????????????? | | ???????????????????????# =#?????????????????????? | | ???????????????????????# [ #?????????????????????? | | ???????????????????????# #?????????????????????? | | ???????????????????????#u #?????????????????????? | | ??????????????????????##g= ##????????????????????? | | ???????????########+### k #????????????????????? | | ?????????? #????????????????????? | | ?????????? +????????????????????? | | ?????????? #????????????????????? | | ???????????############ #????????????????????? | | ??????????????????????## ##????????????????????? | | ???????????????????????# #?????????????????????? | | ???????????????????????# @ #?????????????????????? | | ???????????????????????# #?????????????????????? | | ?????????????????????? #?????????????????????? | | ????????????????????? #?????????????????????? | | ???????????????????? #?????????????????????? | | ???????????????????#+#######?????????????????????? | | ?????????????????????????????????????????????????? | | ?????????????????????????????????????????????????? | | ?????????????????????????????????????????????????? | | ?????????????????????????????????????????????????? | | ?????????????????????????????????????????????????? | | ?????????????????????????????????????????????????? | | ?????????????????????????????????????????????????? | | ?????????????????????????????????????????????????? | | ?????????????????????????????????????????????????? | | ?????????????????????????????????????????????????? | | ?????????????????????????????????????????????????? | | ?????????????????????????????????????????????????? | | ?????????????????????????????????????????????????? | | ?????????????????????????????????????????????????? | | ?????????????????????????????????????????????????? | | ?????????????????????????????????????????????????? | | ?????????????????????????????????????????????????? | | ?????????????????????????????????????????????????? | | ?????????????????????????????????????????????????? | +----------------------------------------------------+ Best States ------------- Heat Dissipation 31 Energy Generation 15 Energy Capacity 275 Matter Stores 300 Matter Capacity 300 Sight Range 16 Terrain Scan Range 16 Terrain Scan Density 10 Evasion (%) 50 Recoil Reduction 2 Item Schematics ----------------- None Robot Schematics ------------------ None Fabricated ------------ Nothing Alien Tech Used ----------------- None Achievements -------------- None Challenges ------------ None Game ------ Seed AssaultSpreadChainsword Manual? 0 Play Time 00:15:08 Cumulative 21.9 hours Start 2024.11.09 @ 15:45:24 End 2024.11.09 @ 19:37:24 Sessions 1 Manual Loads 0 Difficulty Rogue Special Mode None Game No. 51 Rogue 51 Adventurer 0 Explorer 0 Win Type - Total 0 Types 0/0/0/0/0/0/0/0/0 Lore% 10 Gallery% 19 Achievement% 19 Wizard Run 0 Options --------- Layout 1 ASCII 0 Keyboard 0 Movement Arrows Keybinds 0 Fullscreen 1 Font 24/Smallcaps Map View 50x40 Zoom Use 0% Tactical HUD 1 Map Filters NONE Filters NONE Steam 1 RUN: 957ce8ff-df48-4cdd-bfb7-28570e309d3b